 Dungeon Crawl Stone Soup version 0.20-a0-1124-g2e29d97 (webtiles) character file.

64505 JeffiDaFish the Basher (level 15, -17/96 HPs)
             Began as a Gargoyle Fighter on May 16, 2017.
             Was the Champion of Okawaru.
             Demolished by an enormous slime creature (56 damage)
             ... on level 12 of the Dungeon.
             The game lasted 00:41:01 (21768 turns).

JeffiDaFish the Basher (Gargoyle Fighter)          Turns: 21768, Time: 00:41:01

Health: -17/96     AC: 44    Str: 20    XL:     15   Next: 13%
Magic:  6/7        EV:  6    Int: 10    God:    Okawaru [******]
Gold:   1226       SH: 19    Dex: 14    Spells: 23/24 levels left

rFire    . . .     SeeInvis +   v - +4 morningstar (antimagic)
rCold    . . .     Gourm    .   z - +0 large shield
rNeg     + . .     Faith    .   o - +1 crystal plate armour
rPois    ∞         Spirit   .   s - +2 helmet
rElec    +         Reflect  .   q - +2 cloak {MR+}
rCorr    .         Harm     .   c - +0 pair of gloves
MR       ++...                  j - +1 pair of boots {run}
Stlth    ..........             (no amulet)
Regen    0.3/turn               e - ring of see invisible
MPRegen  0.1/turn               k - +2 ring of evasion

@: slowed, very slow
A: big wings, mutation resistance 1, negative energy resistance 1, sense
surroundings 1, electricity resistance, unbreathing, petrification resistance,
rot immunity, subdued magic 1, AC +11
a: Fly, Heroism, Finesse, Renounce Religion


You were on level 12 of the Dungeon.
You worshipped Okawaru.
Okawaru was exalted by your worship.
You were hungry.

You visited 3 branches of the dungeon, and saw 19 of its levels.

You collected 1450 gold pieces.
You spent 224 gold pieces at shops.

Inventory:

Hand Weapons
 v - a +4 antimagic morningstar (weapon)
Missiles
 D - 2 silver tomahawks (quivered)
Armour
 c - a +0 pair of gloves (worn)
 j - a +1 pair of boots of running (worn)
 o - a +1 crystal plate armour (worn)
 q - a +2 cloak of magic resistance (worn)
 s - a +2 helmet (worn)
 z - a +0 large shield (worn)
Jewellery
 e - a ring of see invisible (left hand)
 k - a +2 ring of evasion (right hand)
Wands
 t - a wand of disintegration (10/24)
Scrolls
 b - 6 scrolls of remove curse
 h - 3 scrolls of recharging
 i - 8 scrolls of identify
 l - 3 scrolls of magic mapping
 m - a scroll of blinking
 n - 3 scrolls of fear
 A - 4 scrolls of amnesia
Potions
 d - 4 potions of flight
 p - 3 potions of brilliance
 w - a potion of cancellation
 x - 3 potions of curing
 B - a potion of resistance
Books
 y - a book of Air

   Spells                             Type                      Level
   a - Shock                          Conjuration/Air              1
   b - Swiftness                      Charms/Air                   2
   c - Static Discharge               Conjuration/Air              3
   d - Airstrike                      Air                          4
   e - Lightning Bolt                 Conjuration/Air              5
Comestibles
 a - 2 chunks of flesh
 f - 15 bread rations
 g - 6 royal jellies
 r - 9 meat rations
 u - 37 fruits


   Skills:
 * Level 11.9 Fighting
 * Level 13.5 Maces & Flails
 * Level 11.4 Armour
 + Level 5.9 Dodging
 - Level 1.2 Stealth
 * Level 13.3 Shields
 + Level 5.2 Spellcasting
 + Level 6.4 Conjurations
 + Level 5.0 Air Magic


You had 23 spell levels left.
You knew the following spells:

 Your Spells              Type           Power        Failure   Level  Hunger
a - Shock                 Conj/Air       ##..         100%        1    None


Dungeon Overview and Level Annotations

Branches:
Dungeon (12/15)            Temple (1/1) D:6            Lair (6/6) D:11
 Shoals (0/4) Lair:4        Snake (0/4) Lair:2        Slime (0/5) Lair:6
    Orc (0/2) D:10

Altars:
Ashenzari
Dithmenos
Fedhas
Hepliaklqana
Kikubaaqudgha
Nemelex Xobeh
Okawaru
Qazlal
Ru
Trog
Uskayaw
Vehumet
Wu Jian
Xom
Yredelemnul
Zin
The Shining One

Shops:
D:7 *

Annotations:
Lair:4 exclusion: oklob plant


Innate Abilities, Weirdness & Mutations

You are resistant to torment.
Your stone body is resilient. (AC +11)
You are immune to poison.
Your large and strong wings let you fly indefinitely.
You resist negative energy. (rN+)
You are resistant to electric shocks. (rElec)
You can survive without breathing.
You are immune to petrification.
You are immune to rotting.
You are somewhat resistant to further mutation.
You passively map a small area around you.
Your spells are a little easier to cast, but a little less powerful.


Message History

You block the large slime creature's attack.
You hit the large slime creature.
The large slime creature is almost dead.
You block the large slime creature's attack.
The large slime creature hits you but does no damage.
You sock the large slime creature!
You kill the large slime creature!
Okawaru accepts your kill.
You hit the enormous slime creature.
The enormous slime creature is heavily wounded.
You block the enormous slime creature's attack.
You impale the enormous slime creature!!
The enormous slime creature is heavily wounded.
The enormous slime creature hits you!
You block the enormous slime creature's attack.
You hit the enormous slime creature.
The enormous slime creature is heavily wounded.
The enormous slime creature hits you!!!
Ouch! That really hurt!
You die...

## ##### ..#
##...###### ....
##.........### .....
#.....(..)...# , ...#
##............# #..#
#...........#.. *#..##
##.......###... *
#.################...#
##..J@..............##
##.###############...#
######..# ##...
###....#.##
#########.. #........#
###......(##.
##........#
###.....)(((...
#.........#
##........(....#
#..>......#
#......).(..((##
#.........#
#......).....##


You could see an enormous slime creature.

Vanquished Creatures
  A dire elephant (Lair:6)
  Nessos (D:12)
  A fire dragon (Lair:1)
  Josephine (Lair:5)
  Snorg (Lair:4)
  Fannar (Lair:3)
  10 hydras
  A catoblepas (Lair:6)
  An ice dragon (Lair:3)
  Harold (Lair:3)
  3 two-headed ogres
  6 death yaks
  A deep troll shaman (Lair:6)
  Pikel (D:5)
  An orc knight (D:12)
  A cyclops (D:12)
  2 ugly things
  A slime creature (D:12)
  9 elephants (Lair:6)
  6 black mambas
  The ghost of Nathanielran1005 the Covered, a novice HOFi of Okawaru (D:6)
  3 centaur zombies
  2 gargoyles
  Psyche (D:8)
  An ice statue (Lair:3)
  2 torpor snails
  14 spiny frogs
  4 rime drakes
  3 komodo dragons
  A kobold demonologist (D:11)
  A tengu conjurer (D:10)
  3 trolls
  Grinder (D:3)
  A merfolk (Lair:4)
  6 polar bears
  9 dream sheep
  4 blink frogs (Lair:6)
  9 hippogriffs
  Sigmund (D:2)
  4 wraiths (Lair:5)
  2 wyverns
  34 yaks
  Grum (D:8)
  2 basilisks
  The ghost of Maxmaps the Skirmisher, an amateur DsWn (D:3)
  A steam dragon (Lair:4)
  3 hungry ghosts
  Menkaure (D:6)
  Edmund (D:5)
  30 water moccasins
  A soldier ant (D:12)
  9 orc warriors
  10 porcupines
  An eye of draining (D:12)
  9 ice beasts
  3 black bears
  3 sky beasts
  2 phantoms
  14 wolves
  5 ogres
  9 centaurs
  12 crocodiles
  4 big kobolds
  18 bullfrogs
  A wyvern zombie (D:7)
  4 scorpions
  A water moccasin zombie (D:7)
  A troll zombie (D:10)
  13 wights
  A howler monkey (D:4)
  An electric eel (Lair:4)
  4 lava snakes (D:8)
  2 bullfrog zombies
  4 centaur skeletons
  6 jellies
  9 orc priests
  5 hounds
  7 orc wizards
  4 bullfrog skeletons
  Crazy Yiuf (D:3)
  Jessica (D:3)
  Ijyb (D:3)
  5 iguanas
  Natasha (thrice) (D:3)
  4 worker ants
  A killer bee zombie (D:8)
  5 ogre zombies (D:10)
  3 hound skeletons
  A worker ant zombie (D:10)
  2 howler monkey skeletons
  16 gnolls
  29 adders
  3 shadow imps
  2 white imps (Lair:3)
  3 oozes
  3 worms
  2 dart slugs
  3 leopard geckos
  48 orcs
  6 giant cockroaches
  16 goblins
  6 hobgoblins
  6 jackals
  4 quokkas
  A ball python (D:3)
  8 bats
  2 frilled lizards
  A giant cockroach zombie (D:6)
  A goblin zombie (D:10)
  A hobgoblin skeleton (D:10)
  2 hobgoblin zombies (D:10)
  21 kobolds
  4 orc skeletons (D:10)
  11 orc zombies (D:10)
  A quokka skeleton (D:9)
  A quokka zombie (D:5)
  6 rats
  2 fungi
596 creatures vanquished.

Vanquished Creatures (others)
  An adder skeleton (D:5)
  A leopard gecko (D:5)
  A leopard gecko skeleton (D:5)
  A bush (Lair:6)
  6 fungi
  16 plants
26 creatures vanquished.

Grand Total: 622 creatures vanquished

Notes
Turn   | Place    | Note
-------+----------+-------------------------------------------
     0 | D:1      | JeffiDaFish the Gargoyle Fighter began the quest for the Orb.
     0 | D:1      | Reached XP level 1. HP: 14/14 MP: 1/1
   149 | D:1      | Reached XP level 2. HP: 13/19 MP: 2/2
   451 | D:1      | Gained mutation: Your spells are a little easier to cast, but a little less powerful. [potion of mutation]
   451 | D:1      | Gained mutation: You passively map a small area around you. [potion of mutation]
   451 | D:1      | Gained mutation: You are somewhat resistant to further mutation. [potion of mutation]
   766 | D:1      | Reached XP level 3. HP: 21/23 MP: 3/3
   947 | D:2      | Noticed Sigmund
   955 | D:2      | Killed Sigmund
   955 | D:2      | Reached XP level 4. HP: 14/29 MP: 4/4
   955 | D:2      | Reached XP level 5. HP: 16/33 MP: 5/5
  1206 | D:2      | Reached skill level 1 in Dodging
  1315 | D:1      | Reached XP level 6. HP: 12/38 MP: 6/6
  2033 | D:3      | Noticed Ijyb
  2033 | D:3      | Paralysed by Ijyb for 3 turns
  2046 | D:3      | Paralysed by Ijyb for 7 turns
  2055 | D:3      | Killed Ijyb
  2091 | D:3      | Reached skill level 5 in Maces & Flails
  2362 | D:3      | Noticed Natasha
  2372 | D:3      | Killed Natasha
  2409 | D:3      | Noticed Grinder
  2427 | D:3      | Paralysed by Grinder for 5 turns
  2442 | D:3      | Paralysed by Grinder for 5 turns
  2453 | D:3      | Paralysed by Grinder for 6 turns
  2467 | D:3      | Killed Grinder
  2467 | D:3      | Reached skill level 5 in Shields
  2467 | D:3      | Reached XP level 7. HP: 25/44 MP: 7/7
  2671 | D:3      | Noticed Natasha
  2674 | D:3      | Noticed Maxmaps's ghost (amateur DsWn)
  2678 | D:3      | Noticed Jessica
  2680 | D:3      | Killed Natasha
  3189 | D:3      | Noticed Natasha
  3198 | D:3      | Killed Natasha
  3252 | D:3      | Killed Maxmaps's ghost
  3252 | D:3      | Reached XP level 8. HP: 16/48 MP: 8/8
  3461 | D:3      | Found a radiant altar of Vehumet.
  3589 | D:3      | Killed Jessica
  3589 | D:3      | Reached skill level 5 in Fighting
  3620 | D:3      | Found a runed door.
  3624 | D:3      | Noticed Crazy Yiuf
  3629 | D:3      | Killed Crazy Yiuf
  4269 | D:5      | Entered Level 5 of the Dungeon
  4269 | D:5      | Noticed Pikel
  4302 | D:5      | Killed Pikel
  4302 | D:5      | Reached skill level 5 in Armour
  4302 | D:5      | Reached XP level 9. HP: 27/54 MP: 9/9
  4505 | D:5      | Noticed Edmund
  4537 | D:5      | Killed Edmund
  5164 | D:6      | Noticed Nathanielran1005's ghost (novice HOFi)
  5187 | D:6      | Killed Nathanielran1005's ghost
  5413 | D:6      | Found a staircase to the Ecumenical Temple.
  5419 | Temple   | Entered the Ecumenical Temple
  5430 | Temple   | Became a worshipper of Warmaster Okawaru
  5478 | D:6      | Noticed Menkaure
  5487 | D:6      | Killed Menkaure
  5747 | D:6      | Reached XP level 10. HP: 60/60 MP: 10/10
  5971 | D:7      | Found Bucifruh's Assorted Antiques.
  5984 | D:7      | Bought a runed morningstar for 224 gold pieces
  6077 | D:7      | Reached * piety under Okawaru
  6691 | D:8      | Noticed Grum
  6709 | D:8      | Killed Grum
  7389 | D:8      | Noticed a two-headed ogre
  7408 | D:8      | Killed a two-headed ogre
  7408 | D:8      | Reached ** piety under Okawaru
  7408 | D:8      | Reached skill level 10 in Maces & Flails
  7408 | D:8      | Reached skill level 1 in Stealth
  7561 | D:8      | Noticed Psyche
  7569 | D:8      | Killed Psyche
  8041 | D:9      | Reached XP level 11. HP: 68/68 MP: 3/11
  8802 | D:10     | Entered Level 10 of the Dungeon
  9013 | D:10     | Reached *** piety under Okawaru
  9156 | D:10     | Learned a level 1 spell: Shock
  9266 | D:10     | Reached skill level 10 in Shields
  9417 | D:10     | Noticed a two-headed ogre
  9431 | D:10     | Killed a two-headed ogre
  9570 | D:10     | Reached skill level 1 in Conjurations
  9583 | D:10     | Found a staircase to the Orcish Mines.
  9787 | D:10     | Reached skill level 1 in Spellcasting
 10034 | D:11     | Reached **** piety under Okawaru
 10041 | D:11     | Reached skill level 1 in Air Magic
 10068 | D:11     | Noticed a cyan ugly thing
 10079 | D:11     | Killed a cyan ugly thing
 10221 | D:11     | Found a staircase to the Lair.
 10802 | D:11     | Reached ***** piety under Okawaru
 10881 | D:12     | Noticed Nessos
 10904 | D:12     | Killed Nessos
 10904 | D:12     | Received a gift from Okawaru
 10904 | D:12     | Reached XP level 12. HP: 33/75 MP: 4/14
 11514 | Lair:1   | Entered Level 1 of the Lair of Beasts
 11543 | Lair:1   | Received a gift from Okawaru
 12271 | Lair:1   | Noticed a fire dragon
 12455 | Lair:1   | Noticed a six-headed hydra
 12484 | Lair:1   | Killed a six-headed hydra
 12820 | Lair:1   | Killed a fire dragon
 13361 | Lair:2   | Reached XP level 13. HP: 68/82 MP: 5/17
 13487 | Lair:2   | Reached skill level 10 in Fighting
 13630 | Lair:2   | Found a staircase to the Snake Pit.
 13779 | Lair:2   | Identified the +1 trident of Immorality {holy, Int+3 Dex+3} (You found it on level 2 of the Lair of Beasts)
 13858 | Lair:2   | Received a gift from Okawaru
 14691 | Lair:3   | Noticed Fannar
 14713 | Lair:3   | Killed Fannar
 14729 | Lair:3   | Noticed Harold
 14743 | Lair:3   | Killed Harold
 15046 | Lair:3   | Noticed an ice dragon
 15071 | Lair:3   | Killed an ice dragon
 15071 | Lair:3   | Reached skill level 10 in Armour
 16311 | Lair:4   | Noticed Snorg
 16337 | Lair:4   | Killed Snorg
 16337 | Lair:4   | Reached skill level 5 in Dodging
 16872 | Lair:4   | Found a staircase to the Shoals.
 17424 | Lair:4   | Reached ****** piety under Okawaru
 17530 | Lair:4   | Received a gift from Okawaru
 17617 | Lair:5   | Identified the cursed +3 lajatang "Gram" {freeze, +Rage rPois rN+ SInv} (You found it on level 5 of the Lair of Beasts)
 17757 | Lair:5   | Noticed Josephine
 17762 | Lair:5   | Gained mutation: Your large and strong wings let you fly indefinitely. [Gargoyle growth]
 17762 | Lair:5   | Reached XP level 14. HP: 83/88 MP: 6/20
 17777 | Lair:5   | Killed Josephine
 17934 | Lair:5   | Reached skill level 5 in Conjurations
 18624 | Lair:6   | Entered Level 6 of the Lair of Beasts
 19568 | Lair:6   | Found a staircase to the Slime Pits.
 19760 | Lair:6   | Noticed a dire elephant
 19781 | Lair:6   | HP: 2/90 [dire elephant (4)]
 19940 | Lair:6   | Received a gift from Okawaru
 19962 | Lair:6   | Identified a +1 pair of boots of running (Okawaru gifted it to you on level 6 of the Lair of Beasts)
 20584 | Lair:6   | Reached skill level 5 in Spellcasting
 20800 | Lair:6   | Killed a dire elephant
 21173 | D:12     | Reached XP level 15. HP: 96/96 MP: 7/22
 21614 | D:12     | Reached skill level 5 in Air Magic
 21768 | D:12     | Demolished by an enormous slime creature

Vault maps used:
D:1:      dpeg_arrival_three_same_balls
D:2:      uniq_sigmund
D:3:      vehumet_crystals, uniq_grinder, uniq_natasha, uniq_crazy_yiuf_cottage,
          uniq_jessica, uniq_ijyb
D:5:      first_bread, uniq_edmund, uniq_pikel
D:6:      minmay_temple_entry_glassed_door, uniq_menkaure
D:7:      serial_shops, nicolae_shop_overgrown_old_shop
D:8:      kennysheep_boxes, uniq_maurice, uniq_psyche, uniq_grum
D:10:     zombieorc1_lemuel, grunt_tengu_nest, nooodl_food_tri
D:11:     lair_entry_dummy
D:12:     special_room, serial_park, serial_park_tiny_pond, serial_park_gazebo,
          serial_park_square2, uniq_nessos, uniq_frances
Temple:   dpeg_three_leaves_temple
Lair:1:   dragon1_lemuel, st_stairs_10
Lair:2:   minmay_snake_entry_six_corridors
Lair:3:   ice2_lemuel, lemuel_fruit_fields, lemuel_fruit_fields,
          grunt_megastairs_4, infiniplex_staircase_pool, uniq_harold,
          uniq_fannar
Lair:4:   elwin_shoals_entry_rooms, grunt_megastairs_2, uniq_snorg
Lair:5:   wad_woods_structure_01, uniq_josephine
Lair:6:   grunt_lair_end_beastmaster, minmay_slime_entry_pillars,
          serial_bayou_pond_e, hangedman_lair_generics_rect

Skill      XL: |  1  2  3  4  5  6  7  8  9 10 11 12 13 14 15 |
---------------+----------------------------------------------+-----
Maces & Flails | 4 5 6 7 8 10 11 12 13 | 13.5
Shields        | 4 5 7 8 9 10 11 12 13 | 13.3
Fighting       | 4 5 6 7 8 9 10 11 | 11.9
Dodging        | 1 2 3 4 5 |  5.9
Armour         | 4 5 6 7 8 9 10 11 | 11.4
Stealth        | 1 |  1.2
Conjurations   | 2 3 4 6 |  6.4
Spellcasting   | 1 3 4 5 |  5.2
Air Magic      | 1 2 4 5 |  5.0

Action                   |  1- 3 |  4- 6 |  7- 9 | 10-12 | 13-15 || total
-------------------------+-------+-------+-------+-------+-------++-------
Melee: Flail             |    91 |   199 |   426 |    47 |       ||   763
       Whip              |       |       |    29 |       |       ||    29
       Morningstar       |       |       |       |  1024 |  1437 ||  2461
  Use: Potion            |     5 |     2 |     1 |     7 |     4 ||    19
       Scroll            |     3 |     3 |     2 |    11 |    14 ||    33
 Stab: Invisible         |       |       |       |       |     1 ||     1
  Eat: Chunk             |       |     5 |    12 |    26 |    25 ||    68
       Bread ration      |       |       |       |     1 |       ||     1
       Royal jelly       |       |       |       |       |     2 ||     2
Armor: Scale mail        |    35 |    78 |    72 |       |       ||   185
       Chain mail        |       |       |   123 |   115 |       ||   238
       Plate armour      |       |       |       |   465 |    68 ||   533
       Crystal plate arm |       |       |       |       |   982 ||   982
Dodge: Dodged            |    19 |    82 |   156 |   304 |   251 ||   812
Block: Shield            |    35 |   109 |   260 |   274 |       ||   678
       Large shield      |       |       |       |   686 |  1467 ||  2153
